Map: Eastwatch LE

Players

katxl - Winner!

  • Race: Zerg Zerg
  • Spawn Location: 7:00

MrMental

  • Race: Protoss Protoss
  • League: Gold
  • Spawn Location: 1:00

VOD

Have the link to the VOD?

Description

Time

  • Played on: March 5, 2018, 11:03 p.m.
  • Length: 13:52
Show
View Real Time Build Order
Export as new Build Order

katxl Zerg - Winner!

Build Orders: Hatch First 

Get SALT Encoding   

  12  0:09  Overlord  
  12  0:13  Drone  
  13  0:17  Drone  
  14  0:27  Drone  
  15  0:31  Drone  
  16  0:53  Hatchery  
  16  0:56  Drone  
  16  1:09  Spawning Pool  
  15  1:14  Drone  
  15  1:16  Extractor  
  15  1:23  Drone x2  
  17  1:29  Drone  
  18  1:36  Drone  
  19  1:47  Overlord  
  19  1:56  Queen  
  19  1:59  Zergling x2  
  22  2:10  Zergling x2  
  22  2:11  Queen  
  22  2:13  Drone  
  26  2:19  Metabolic Boost  
  26  2:23  Drone x2  
  28  2:38  Drone  
  28  2:40  Drone x2  
  28  2:41  Drone, Evolution Chamber  
  31  2:53  Drone x2  
  33  3:00  Overlord  
  33  3:07  Drone x3  
  36  3:16  Overlord  
  36  3:18  Queen, Overlord  
  38  3:21  Extractor  
  38  3:22  Drone  
  38  3:24  Drone  
  38  3:26  Drone  
  40  3:42  Drone  
  40  3:43  Drone x4  
  45  3:49  Zerg Melee Weapons Level 1  
  45  3:54  Drone x3, Queen  
  50  4:03  Drone  
  50  4:06  Extractor  
  50  4:08  Lair  
  50  4:14  Overlord x3  
  50  4:20  Extractor  
  49  4:29  Pneumatized Carapace  
  49  4:31  Overlord  
  49  4:40  Drone x2  
  49  4:42  Drone x3  
  54  4:48  Zergling x10  
  59  5:12  Queen  
  61  5:16  Hatchery  
  60  5:36  Zergling x12  
  60  5:38  Overlord x3, Hydralisk Den  
  60  5:39  Overlord  
  65  5:43  Zerg Ground Armor Level 1  
  65  5:48  Queen  
  67  6:10  Drone x2  
  67  6:11  Drone x7  
  76  6:43  Extractor  
  75  6:49  Infestation Pit  
  75  6:50  Drone x3, Spire  
  75  6:53  Grooved Spines, Hydralisk  
  78  6:54  Hydralisk x8  
  78  6:56  Overlord  
  78  6:57  Overlord  
  94  7:07  Zergling x2  
  94  7:08  Zergling x4  
  97  7:36  Drone  
  100  7:37  Drone x7  
  100  7:41  Drone x3  
  100  7:42  Extractor  
  107  7:46  Zerg Missile Weapons Level 1  
  107  7:58  Hydralisk x4  
  107  7:59  Baneling Nest, Hydralisk x3  
  107  8:05  Muscular Augments  
  120  8:31  Drone  
  120  8:32  Drone x2  
  123  8:44  Hydralisk x3  
  123  8:46  Overlord x2  
  123  8:47  Overlord x5  
  129  8:53  Hive  
  129  8:56  Hatchery  
  129  8:57  Hydralisk  
  129  9:00  Overlord x2  
  130  9:03  Zerg Flyer Weapons Level 1  
  130  9:43  Hydralisk  
  130  9:44  Hydralisk x6  
  130  9:45  Evolution Chamber, Hydralisk x2  
  147  9:55  Zergling x2  
  148  10:23  Drone x4  
  148  10:24  Drone  
  148  10:26  Hatchery  
  152  10:29  Extractor, Zergling x2  
  152  10:30  Zergling x16  
  160  10:36  Adrenal Glands, Ultralisk Cavern  
  160  10:39  Zerg Missile Weapons Level 2  
  160  10:40  Zerg Ground Armor Level 2  
  159  10:50  Viper x3  
  159  10:51  Viper  
  171  10:58  Zerg Flyer Armor Level 1  
  171  11:14  Zergling x8  
  171  11:15  Zergling x6  
  177  11:28  Ultralisk x2  
  177  11:29  Ultralisk  
  195  12:00  Burrow  
  195  12:15  Chitinous Plating  
  195  12:17  Centrifical Hooks  
Show
View Real Time Build Order
Export as new Build Order

MrMental Protoss 

Build Orders:  

Get SALT Encoding   

  12  0:01  Probe  
  13  0:16  Pylon  
  13  0:18  Probe (Chrono Boost)  
  15  0:30  Probe (Chrono Boost)  
  15  0:35  Probe (Chrono Boost)  
  15  0:39  Gateway  
  16  0:45  Assimilator  
  16  0:49  Probe  
  17  1:01  Probe  
  18  1:13  Probe (Chrono Boost)  
  20  1:25  Probe (Chrono Boost)  
  20  1:30  Cybernetics Core  
  20  1:32  Probe (Chrono Boost)  
  21  1:35  Pylon  
  21  1:44  Zealot  
  23  1:52  Assimilator  
  23  1:55  Pylon  
  23  1:58  Probe  
  24  2:06  Warp Gate  
  24  2:10  Probe  
  25  2:21  Nexus  
  25  2:33  Pylon  
  25  2:38  Stalker  
  25  2:41  Probe  
  28  2:59  Gateway  
  28  3:01  Gateway  
  28  3:10  Assimilator  
  28  3:19  Stalker (Chrono Boost)  
  30  3:38  Shield Battery  
  30  3:41  Stalker  
  30  3:44  Pylon  
  32  3:49  Stalker  
  32  3:52  Probe  
  32  3:54  Probe  
  35  4:07  Gateway  
  35  4:09  Probe x2  
  37  4:23  Zealot  
  39  4:33  Twilight Council, Probe x2  
  41  4:42  Stalker  
  41  4:45  Probe x2  
  44  4:51  Robotics Facility  
  45  4:58  Probe (Chrono Boost)  
  47  5:00  Probe (Chrono Boost)  
  47  5:10  Probe (Chrono Boost)  
  47  5:14  Blink, Probe (Chrono Boost)  
  49  5:15  Probe (Chrono Boost)  
  50  5:21  Probe  
  50  5:22  Assimilator  
  50  5:24  Probe  
  52  5:36  Forge  
  52  5:38  Observer  
  52  5:41  Stalker x2  
  57  5:43  Probe  
  57  5:44  Probe  
  59  5:54  Stalker  
  59  5:55  Stalker  
  59  5:56  Probe (Chrono Boost)  
  65  5:57  Probe (Chrono Boost)  
  65  5:59  Observer  
  65  6:02  Pylon  
  66  6:08  Probe (Chrono Boost)  
  66  6:09  Stalker  
  70  6:13  Probe (Chrono Boost)  
  70  6:15  Photon Cannon  
  70  6:24  Pylon  
  70  6:25  Shield Battery  
  70  6:29  Stalker  
  72  6:35  Gateway  
  72  6:39  Protoss Ground Weapons Level 1  
  72  6:44  Forge  
  72  6:47  Pylon  
  72  6:53  Stalker  
  74  6:54  Stalker  
  74  7:00  Immortal (Chrono Boost)  
  80  7:21  Pylon  
  80  7:25  Protoss Ground Armor Level 1  
  80  7:28  Photon Cannon  
  80  7:31  Immortal  
  84  7:40  Stalker x3  
  84  7:41  Stalker  
  92  8:00  Charge  
  92  8:07  Photon Cannon  
  92  8:09  Photon Cannon  
  92  8:10  Immortal  
  92  8:11  Stalker x2  
  100  8:40  Sentry  
  102  8:45  Pylon  
  102  8:54  Nexus  
  102  8:57  Pylon  
  102  8:59  Pylon  
  102  9:04  Immortal  
  102  9:05  Sentry x2  
  110  9:11  Templar Archives  
  110  9:15  Dark Shrine  
  110  9:17  Stalker  
  110  9:18  Stalker  
  114  9:26  Photon Cannon  
  114  9:27  Photon Cannon  
  114  9:37  Stalker  
  116  9:39  Stalker  
  116  9:40  Immortal (Chrono Boost)  
  116  9:43  Protoss Ground Armor Level 2  
  122  9:49  Protoss Ground Weapons Level 2  
  122  9:56  High Templar  
  122  9:57  High Templar  
  126  10:03  Archon  
  126  10:11  Probe (Chrono Boost)  
  127  10:14  Assimilator  
  127  10:18  Immortal  
  127  10:20  High Templar  
  127  10:21  High Templar, Probe (Chrono Boost)  
  136  10:25  Archon  
  136  10:26  Probe (Chrono Boost)  
  137  10:31  Dark Templar x2  
  137  10:35  Archon  
  141  10:51  Gateway  
  141  10:56  Photon Cannon  
  141  10:57  Photon Cannon  
  141  11:08  Pylon  
  141  11:10  Pylon  
  141  11:13  Pylon  
  141  11:27  Probe (Chrono Boost)  
  141  11:31  High Templar x2  
  141  11:32  Dark Templar, Probe x2 (Chrono Boost)  
  148  11:33  Dark Templar  
  148  11:35  Probe (Chrono Boost)  
  148  11:36  Archon  
  148  11:37  Archon  
  148  11:39  Psionic Storm, Probe (Chrono Boost)  
  154  11:54  Stargate  
  154  11:56  Stargate  
  154  12:05  Observer  
  155  12:11  Assimilator  
  155  12:12  Pylon  
  155  12:18  Photon Cannon  
  155  12:19  Photon Cannon  
  155  12:21  Photon Cannon  
  155  12:23  High Templar, Photon Cannon  
  155  12:24  High Templar, Photon Cannon  
  155  12:25  Zealot  
  155  12:26  Zealot  
  155  12:28  Photon Cannon  
  155  12:29  Archon  
  163  13:05  Immortal  
  129  13:32  Stalker x2  
  111  13:34  Stalker  
  111  13:35  Stalker  
  111  13:38  Stalker  
  111  13:39  Stalker  
Tags
 
League
Gold
Matchup
PvZ
Spawn Locations
Cross Positions
Add a new tag
Caveats
  • Supply blocks, unpowered buildings, or Contaminate may cause inaccurate times.
  • Supply counts are checked every 10 seconds.